 Dungeon Crawl Stone Soup version 0.31-a0-360-gb3e1d13bf4 (console) character file.

Game seed: 14366721672645232057

3315 jejorda2 the Grappler (level 10, -1/18 HPs)
             Began as a Gnoll Berserker on July 27, 2023.
             Was an Elder of Trog.
             Slain by Duvessa
             ... wielding a +0 short sword
              (7 damage)
             ... on level 7 of the Dungeon.
             The game lasted 00:16:58 (7202 turns).

jejorda2 the Grappler (Gnoll Berserker)             Turns: 7202, Time: 00:16:59

Health: -1/18      AC: 16    Str: 30    XL:     10   Next: 1%
Magic:  17/17      EV: 10    Int:  7    God:    Trog [****..]
Gold:   324        SH:  0    Dex: 12    Spells: 18/18 levels left

rFire   + +          +
                       - Unarmed
rCold   x . .        (shield currently unavailable)
rNeg    . . .        s - melded +0 swamp dragon scales
rPois   +            (helmet currently unavailable)
rElec   +            (cloak currently unavailable)
rCorr   .            (gloves currently unavailable)
SInv    .            (boots currently unavailable)
Will    .....        d - amulet of faith Stlth
                     h - ring of protection from fire
HPRegen 0.23/turn    u - ring "Plog" {Fly rElec}
MPRegen 0.15/turn

%: faith
@: berserking, lit by a corona, short of breath, dragon-form, flying, glowing,
very quick
A: dragon claw, dragon scales, breathe fire, flying, reduced hp, giant, (fangs
1), strong nose, distributed training
a: Breathe Fire, Begin Untransformation, Renounce Religion, Berserk, Trog's
Hand, Brothers in Arms


You were on level 7 of the Dungeon.
You worshipped Trog.
Trog was greatly pleased with you.
You were a fearsome dragon!
You visited 1 branch of the dungeon, and saw 7 of its levels.
You also visited: Sewer.

You collected 324 gold pieces.

Inventory:

Missiles
 b - 37 stones
 i - 9 poisoned darts
 n - a curare-tipped dart
 q - 3 atropa-tipped darts
Armour
 e - a +0 plate armour
 s - +0 swamp dragon scales (melded)
Jewellery
 d - an amulet of faith (around neck)
 h - a ring of protection from fire (left foreclaw)
 u - the ring "Plog" (right foreclaw) {Fly rElec}
   (You found it on level 7 of the Dungeon)

   [ring of flight]

   rElec:     It insulates you from electricity.
   Fly:       It grants you flight.
Talismans
 t - a dragon-blood talisman
Wands
 a - a wand of roots (5)
Scrolls
 l - 2 scrolls of teleportation
 m - 3 scrolls of identify
 r - a scroll of vulnerability {unknown}
Potions
 c - a potion of haste
 f - 5 potions of enlightenment
 g - 3 potions of curing
 j - a potion of might
 k - a potion of attraction {unknown}
 o - a potion of invisibility {unknown}
 p - a potion of resistance {unknown}


   Skills:
 + Level 8.3 Fighting
 + Level 4.9 Short Blades
 + Level 4.9 Long Blades
 + Level 4.9 Axes
 + Level 4.9 Maces & Flails
 + Level 4.9 Polearms
 + Level 4.9 Staves
 + Level 4.9 Ranged Weapons
 + Level 4.9 Throwing
 + Level 6.8 Armour
 + Level 6.8 Dodging
 + Level 4.9 Stealth
 + Level 4.9 Shields
 + Level 8.3 Unarmed Combat
 + Level 4.9 Spellcasting
 + Level 4.0 Conjurations
 + Level 4.0 Hexes
 + Level 4.0 Summonings
 + Level 4.0 Necromancy
 + Level 4.0 Translocations
 + Level 4.0 Transmutations
 + Level 4.0 Fire Magic
 + Level 4.0 Ice Magic
 + Level 4.0 Air Magic
 + Level 4.0 Earth Magic
 + Level 4.0 Poison Magic
 + Level 5.4 Invocations
 + Level 4.9 Evocations
 + Level 4.0 Shapeshifting


You had 18 spell levels left.
You didn't know any spells.
Your spell library was empty.

Dungeon Overview and Level Annotations

Branches:
Dungeon (7/15)             Temple (0/1) D:4           Sewer (visited)

Altars:
Ashenzari
Cheibriados
Elyvilon
Hepliaklqana
Kikubaaqudgha
Makhleb
Nemelex Xobeh
Okawaru
Sif Muna
Wu Jian

Shops:
D:4 [

Annotations:
D:5 exclusion: 2 doors
D:7 1 runed translucent door, exclusion: centaur, Crazy Yiuf, Duvessa


Innate Abilities, Weirdness & Mutations

You are a fearsome dragon!
You have a powerful clawing attack.
Your giant scaled body is strong and resiliant, but less evasive.
You can breathe fire.
You are flying.
Your maximum health is decreased, since you lack skill for your form.
Your armour is entirely melded.
You are incapable of wielding weapons or throwing items.
((You have very sharp teeth.))
Your uncanny sense of smell can sniff out nearby items.
Your experience applies equally to all skills.


Message History

There is a stone staircase leading down here.
You see here a +0 dagger.
You see here a +0 dagger.
You reach down and open the door.
Dowan, Brother of Duvessa comes into view.
He is wielding a +0 dagger and wearing a +2 robe of willpower.
What are your orders? t - Roar!
Orders for allies: a - Attack new target. r - Retreat! s - Stop attacking. g - Guard the area. f - Follow me.
Anything else - Cancel.
You roar for attention!
You hear a shout! x2
You breathe a blast of fire.
The fiery breath misses Dowan.
You barely miss Dowan. You tail-slap Dowan.
Dowan is lightly wounded.
Dowan gestures wildly while chanting.
Dowan blinks!
Dowan points at you and mumbles some strange words.
You are outlined in light.
Dowan smirks and points a slender finger.
You hit Dowan. Your bite misses Dowan.
Dowan is lightly wounded.
Dowan hits you but does no damage.
You maul Dowan!!!
You kill Dowan!
Trog accepts your kill.
Trog appreciates your killing of a magic user.
You hear a distant scream of rage.
Items here: ) [.
Items here: ) [.
Duvessa, Sister of Dowan comes into view.
She is wielding a +0 short sword and wearing a +2 ring mail of poison resistance.
Duvessa shouts!
Duvessa goes berserk!
Okay, then.
Duvessa hits you with a +0 short sword!
Ouch! That really hurt!
A red film seems to cover your vision as you go berserk!
You feel yourself moving faster!
You feel mighty! Duvessa hits you with a +0 short sword!
You die...

.#.# #.#.##
#####.#####
.#.#####.#.#
#.......).#
.........#.#
#.###>###.#
##.#######+# #.#
#.# #.# ...# ...
#)###.# #.# ####
.... #.#...# #.#
..# ..... #.#..##
#.# ..####
......##.#...###.##
.....+
......eD...........
..####
......####...#####.
..# ..... #..## #.#
.... #.## #.# ...
#.# ..# #+# #.# ###
#.########.#
#.#........#
######.#)########


You could see Duvessa (berserk).

Vanquished Creatures
  Maggie (D:6)
  A komodo dragon (D:5)
  Prince Ribbit (D:5)
  A wyvern (D:7)
  Eustachio (D:5)
  Edmund (D:4)
  Menkaure (D:5)
  2 orc warriors
  2 ice beasts
  A sky beast (D:7)
  A centaur (D:5)
  2 ogres
  A phantom (D:5)
  A bullfrog (D:6)
  2 kobold brigands (Sewer)
  2 scorpions (D:5)
  Dowan (D:7)
  3 hounds
  3 iron imps (D:3)
  2 jellies
  5 orc priests
  2 iguanas (D:4)
  Ijyb (D:5)
  4 orc wizards
  2 sleepcaps
  3 gnolls (D:4)
  5 river rats (Sewer)
  7 adders
  A white imp (D:5)
  2 ufetubi (D:6)
  5 worms
  3 dart slugs
  30 orcs
  6 ball pythons
  4 bats
  5 endoplasms
  A giant cockroach (D:4)
  7 goblins
  3 hobgoblins
  7 jackals
  7 kobolds
  A quokka (D:2)
  4 frilled lizards
  9 rats
154 creatures vanquished.

Notes
Turn   | Place    | Note
-------+----------+-------------------------------------------
     0 | D:1      | jejorda2 the Gnoll Berserker began the quest for the Orb.
     0 | D:1      | Reached XP level 1. HP: 23/23 MP: 1/1
    70 | D:1      | Found a faded altar of an unknown god.
    90 | D:1      | Reached XP level 2. HP: 29/29 MP: 2/2
   682 | D:2      | Reached XP level 3. HP: 31/35 MP: 2/4
   845 | D:2      | Reached skill level 1 in Invocations
  1138 | D:2      | Reached ** piety under Trog
  1334 | D:3      | Reached skill level 1 in Short Blades
  1334 | D:3      | Reached skill level 1 in Long Blades
  1334 | D:3      | Reached skill level 1 in Axes
  1334 | D:3      | Reached skill level 1 in Maces & Flails
  1334 | D:3      | Reached skill level 1 in Polearms
  1334 | D:3      | Reached skill level 1 in Staves
  1334 | D:3      | Reached skill level 1 in Ranged Weapons
  1334 | D:3      | Reached skill level 1 in Throwing
  1334 | D:3      | Reached skill level 1 in Stealth
  1334 | D:3      | Reached skill level 1 in Shields
  1334 | D:3      | Reached skill level 1 in Spellcasting
  1334 | D:3      | Reached skill level 1 in Evocations
  1443 | D:3      | Reached XP level 4. HP: 41/41 MP: 5/5
  1483 | D:3      | Found a shimmering blue altar of Sif Muna.
  1531 | D:3      | Found a hazy altar of Hepliaklqana.
  1622 | D:3      | Found a burning altar of Makhleb.
  1641 | D:3      | Reached skill level 1 in Conjurations
  1641 | D:3      | Reached skill level 1 in Hexes
  1641 | D:3      | Reached skill level 1 in Summonings
  1641 | D:3      | Reached skill level 1 in Necromancy
  1641 | D:3      | Reached skill level 1 in Translocations
  1641 | D:3      | Reached skill level 1 in Transmutations
  1641 | D:3      | Reached skill level 1 in Fire Magic
  1641 | D:3      | Reached skill level 1 in Ice Magic
  1641 | D:3      | Reached skill level 1 in Air Magic
  1641 | D:3      | Reached skill level 1 in Earth Magic
  1641 | D:3      | Reached skill level 1 in Poison Magic
  1641 | D:3      | Reached skill level 1 in Shapeshifting
  1645 | D:3      | Reached XP level 5. HP: 44/47 MP: 5/7
  2139 | D:4      | Reached XP level 6. HP: 53/53 MP: 8/8
  2192 | D:4      | Found Qosenof's Armour Shoppe.
  2354 | D:4      | Found a staircase to the Ecumenical Temple.
  2379 | D:4      | Noticed Edmund
  2387 | D:4      | Killed Edmund
  2388 | D:4      | Reached skill level 5 in Armour
  2388 | D:4      | Reached skill level 5 in Dodging
  2407 | D:4      | Found a white marble altar of Elyvilon.
  2542 | D:4      | Found a glowing drain.
  2552 | Sewer    | Entered a sewer
  2622 | Sewer    | Reached *** piety under Trog
  2737 | Sewer    | Reached XP level 7. HP: 51/59 MP: 10/10
  3708 | D:4      | Found a broken altar of Ashenzari.
  4181 | D:5      | Entered Level 5 of the Dungeon
  4276 | D:5      | Noticed Ijyb
  4290 | D:5      | Killed Ijyb
  4291 | D:5      | Reached XP level 8. HP: 58/67 MP: 12/12
  4328 | D:5      | Found a snail-covered altar of Cheibriados.
  4337 | D:5      | Reached **** piety under Trog
  4486 | D:5      | Noticed Eustachio
  4522 | D:5      | Killed Eustachio
  4591 | D:5      | Noticed Prince Ribbit
  4622 | D:5      | Killed Prince Ribbit
  4697 | D:5      | Noticed Menkaure
  4704 | D:5      | Killed Menkaure
  4777 | D:5      | Found an iron altar of Okawaru.
  4883 | D:5      | Reached XP level 9. HP: 62/73 MP: 14/14
  5104 | D:5      | Found a sparkling altar of Nemelex Xobeh.
  5226 | D:5      | Noticed a komodo dragon
  5234 | D:5      | Killed a komodo dragon
  5734 | D:6      | Found an ancient bone altar of Kikubaaqudgha.
  5734 | D:6      | Found an ornate altar of the Wu Jian Council.
  5853 | D:6      | Noticed Maggie
  5868 | D:6      | Killed Maggie
  6585 | D:7      | Reached skill level 5 in Invocations
  6585 | D:7      | Identified the ring "Plog" {Fly rElec}
  6995 | D:7      | Found a runed translucent door.
  6996 | D:7      | Noticed Crazy Yiuf
  7115 | D:7      | Reached XP level 10. HP: 11/80 MP: 17/17
  7172 | D:7      | Noticed Dowan
  7189 | D:7      | Killed Dowan
  7200 | D:7      | Noticed Duvessa
  7202 | D:7      | Slain by Duvessa

Illustrated notes

Levels and vault maps discovered:
D:1:      dpeg_arrival_oval, layout_rooms, dreamdust_ecumenical_altar_statues,
          minmay_stone_trees_large
D:2:      layout_basic, dreamdust_princess_bridge, guppyfry_early_lair_pool
D:3:      layout_basic, lemuel_coloured_pillars_altar, lemuel_doored_altar,
          demons_altar
D:4:      layout_layer_cave, mainiacjoe_overflow_24_doors,
          evilmike_ruin_ashenzari, minmay_temple_entry_statues_pillars,
          serial_shops, shop, cheibrodos_sewer_entry_drain,
          chequers_serial_rivers_micro_b, uniq_edmund
D:5:      cheibrodos_two_vegetables, layout_basic, cheibriados_altar_1,
          marbit_many_paths, kennysheep_okawaru_gauntlet,
          nicolae_concentric_dashed_squares_wild, uniq_eustachio, uniq_ijyb,
          uniq_menkaure, uniq_prince_ribbit1
D:6:      layout_loops_ring, gammafunk_temple_overflow_pools, uniq_maggie
D:7:      layout_loops_corners, centaur_isle, uniq_crazy_yiuf_cottage,
          uniq_duvessa

Skill      XL: |  1  2  3  4  5  6  7  8  9 |
---------------+----------------------------+-----
Invocations    | 1 2 3 4 5 |  5.4
Short Blades   | 1 2 3 4 |  4.9
Long Blades    | 1 2 3 4 |  4.9
Axes           | 1 2 3 4 |  4.9
Maces & Flails | 1 2 3 4 |  4.9
Polearms       | 1 2 3 4 |  4.9
Staves         | 1 2 3 4 |  4.9
Ranged Weapons | 1 2 3 4 |  4.9
Throwing       | 1 2 3 4 |  4.9
Stealth        | 1 2 3 4 |  4.9
Shields        | 1 2 3 4 |  4.9
Spellcasting   | 1 2 3 4 |  4.9
Evocations     | 1 2 3 4 |  4.9
Conjurations   | 1 2 3 4 |  4.0
Hexes          | 1 2 3 4 |  4.0
Summonings     | 1 2 3 4 |  4.0
Necromancy     | 1 2 3 4 |  4.0
Translocations | 1 2 3 4 |  4.0
Transmutations | 1 2 3 4 |  4.0
Fire Magic     | 1 2 3 4 |  4.0
Ice Magic      | 1 2 3 4 |  4.0
Air Magic      | 1 2 3 4 |  4.0
Earth Magic    | 1 2 3 4 |  4.0
Poison Magic   | 1 2 3 4 |  4.0
Shapeshifting  | 1 2 3 4 |  4.0
Armour         | 5 6 |  6.8
Dodging        | 5 6 |  6.8
Fighting       | 7 8 |  8.3
Unarmed Combat | 7 8 |  8.3

Action                     |  1- 3 |  4- 6 |  7- 9 | 10-12 || total
---------------------------+-------+-------+-------+-------++-------
  Melee: Unarmed           |    95 |   138 |   294 |     3 ||   530
         Punch             |     5 |     6 |    14 |       ||    25
         Bite              |     2 |    11 |    47 |       ||    60
         Tailslap          |       |       |     3 |     1 ||     4
  Throw: Stone             |     1 |       |       |       ||     1
 Invoke: Berserk           |       |     2 |     6 |     1 ||     9
         Trog's Hand       |       |     1 |     1 |       ||     2
Ability: Breathe Fire      |       |       |     3 |     1 ||     4
    Use: Scroll            |       |     7 |     5 |       ||    12
         Potion            |       |       |     2 |       ||     2
   Stab: Sleeping          |       |       |     7 |       ||     7
 Armour: Animal skin       |     5 |       |       |       ||     5
         Leather armour    |     7 |       |       |       ||     7
         Ring mail         |     9 |     7 |       |       ||    16
         Chain mail        |       |    41 |    18 |       ||    59
         Plate armour      |       |       |   107 |       ||   107
         Skin              |       |       |     8 |     1 ||     9
         Swamp dragon scal |       |       |     1 |       ||     1
  Dodge: Dodged            |    54 |    54 |    94 |       ||   202
   Form: Beast             |     1 |       |       |       ||     1
         Dragon            |       |       |     1 |       ||     1

Table legend: (Time is in decaauts)
 A = Elapsed time spent in this place.
 B = Non-inter-level travel time spent in this place.
 C = Inter-level travel time spent in this place.
 D = Time resting spent in this place.
 E = Time spent auto-exploring this place.
 F = Levels seen in this place.
 G = Mean time per level.
                   A        B        C        D        E       F      G
               +--------+--------+--------+--------+--------+-----+--------+
         Total |   7388 |   7133 |    255 |    395 |   4976 |   8 |  923.5 |
       Dungeon |   6341 |   6086 |    255 |    389 |   4261 |   7 |  905.9 |
         Sewer |   1047 |   1047 |      0 |      6 |    715 |   1 | 1047.0 |
               +--------+--------+--------+--------+--------+-----+--------+

Top non-repeatable levels by time:
     D:5: 1329 daAuts
     D:4: 1223 daAuts
   Sewer: 1047 daAuts
     D:6: 978 daAuts
     D:3: 762 daAuts
     D:7: 748 daAuts
     D:2: 714 daAuts
     D:1: 584 daAuts
